 Dungeon Crawl Stone Soup version 0.25-a0-1119-g28b6fd0c3b (console) character file.

Game seed: 2132120378928818329, levelgen mode: deterministic

3252 Kagalorn the Covered (level 9, -6/68 HPs)
             Began as a Gnoll Wanderer on May 18, 2020.
             Was a Priest of Sif Muna.
             Mangled by a porcupine (34 damage)
             ... on level 8 of the Dungeon.
             The game lasted 00:25:31 (8104 turns).

Kagalorn the Covered (Gnoll Wanderer)               Turns: 8104, Time: 00:25:31

Health: -6/68      AC: 11    Str: 17    XL:     9   Next: 99%
Magic:  17/17      EV: 13    Int: 22    God:    Sif Muna [***...]
Gold:   547        SH:  0    Dex: 14    Spells: 18/19 levels left

rFire    + . .     SeeInvis .   a - +2 dagger (venom)
rCold    . . .     Gourm    .   x - +0 buckler
rNeg     . . .     Faith    .   c - +0 ring mail
rPois    .         Spirit   .   N - +0 helmet
rElec    .         Reflect  .   L - +0 cloak
rCorr    .         Harm     .   F - +1 pair of gloves
MR       .....                  (no boots)
Stlth    ++........             l - amulet of regeneration
HPRegen  0.61/turn              h - +6 ring of intelligence
MPRegen  0.15/turn              G - ring of protection from fire

@: sleeping
A: distributed training, fangs 1, strong nose
a: Channel Magic, Forget Spell, Renounce Religion


You were on level 8 of the Dungeon.
You worshipped Sif Muna.
Sif Muna was most pleased with you.
You were not hungry.

You visited 1 branch of the dungeon, and saw 8 of its levels.

You collected 547 gold pieces.

Inventory:

Hand Weapons
 a - a +2 dagger of venom (weapon)
 b - a +2 shortbow
 n - a +1 dagger of protection
 q - a +0 war axe
 R - a +1 hand axe of flaming
Missiles
 g - 212 stones
 i - 149 arrows
 y - 36 poisoned darts (quivered)
 C - 33 bolts
 H - 6 curare-tipped darts
Armour
 c - a +0 ring mail (worn)
 x - a +0 buckler (worn)
 F - a +1 pair of gloves (worn)
 L - a +0 cloak (worn)
 N - a +0 helmet (worn)
Jewellery
 h - a +6 ring of intelligence (left hand)
 j - an uncursed ring of protection from cold
 l - an amulet of regeneration (around neck)
 v - a +6 ring of intelligence
 G - a ring of protection from fire (right hand)
 Q - an uncursed ring of wizardry {unknown}
Wands
 d - a wand of random effects (15)
 k - a wand of polymorph (8)
 M - a wand of paralysis (13)
 O - a wand of iceblast (6)
Scrolls
 m - 6 scrolls of enchant armour {unknown}
 r - 12 scrolls of identify {unknown}
 s - a scroll of enchant weapon {unknown}
 t - 2 scrolls of random uselessness {unknown}
 w - 3 scrolls of remove curse {unknown}
 z - a scroll of immolation {unknown}
 A - 3 scrolls of teleportation {unknown}
 B - a scroll of fear {unknown}
 I - a scroll of fog {unknown}
 P - a scroll of noise {unknown}
Potions
 e - 2 potions of might {unknown}
 o - 2 potions of heal wounds {unknown}
 p - 5 potions of curing {unknown}
 u - a potion of resistance {unknown}
 D - 4 potions of ambrosia {unknown}
 E - a potion of cancellation {unknown}
 J - a potion of flight {unknown}
 K - 2 potions of lignification {unknown}
Comestibles
 f - 8 rations


   Skills:
 + Level 5.4 Fighting
 + Level 4.7 Short Blades
 + Level 4.7 Long Blades
 + Level 4.7 Axes
 + Level 4.7 Maces & Flails
 + Level 4.7 Polearms
 + Level 4.7 Staves
 + Level 4.7 Slings
 + Level 6.6 Bows
 + Level 4.7 Crossbows
 + Level 5.4 Throwing
 + Level 6.6 Armour
 + Level 4.7 Dodging
 + Level 4.7 Stealth
 + Level 4.7 Shields
 + Level 4.7 Unarmed Combat
 + Level 5.5 Spellcasting
 + Level 3.9 Conjurations
 + Level 3.9 Hexes
 + Level 3.9 Charms
 + Level 3.9 Summonings
 + Level 5.5 Necromancy
 + Level 3.9 Translocations
 + Level 3.9 Transmutations
 + Level 3.9 Fire Magic
 + Level 3.9 Ice Magic
 + Level 3.9 Air Magic
 + Level 3.9 Earth Magic
 + Level 3.9 Poison Magic
 + Level 5.1 Invocations
 + Level 5.4 Evocations


You had 18 spell levels left.
You knew the following spells:

 Your Spells              Type           Power        Failure   Level  Hunger
a - Magic Dart            Conj           ###.         3%          1    None

Your spell library contained the following spells:

 Spells                   Type           Power        Failure   Level  Hunger
 Poisonous Vapours        Pois/Air       ###...       4%          2    None
 Conjure Flame            Conj/Fire      ###.....     10%         3    ##.....
 Dazzling Flash           Conj/Hex       ###...       10%         3    ##.....
 Gell's Gravitas          Tloc           ###.......   10%         3    ##.....
 Mephitic Cloud           Conj/Pois/Air  ###.....     10%         3    ##.....
 Portal Projectile        Hex/Tloc       ###...       10%         3    ##.....
 Dispersal                Tloc           ###.......   99%         6    #######
 Freezing Cloud           Conj/Ice/Air   ###.......   99%         6    #######
 Ring of Flames           Chrm/Fire      ###.......   100%        7    #######
 Controlled Blink         Tloc           N/A          100%        8    #######
 Disjunction              Tloc           ###.......   100%        8    #######


Dungeon Overview and Level Annotations

Branches:
Dungeon (8/15)             Temple (0/1) D:5
   Lair: D:8-11

Altars:
Cheibriados
Dithmenos
Fedhas
Hepliaklqana
Nemelex Xobeh
Qazlal
Ru
Sif Muna
Uskayaw
Vehumet
Wu Jian
Xom
Zin

Shops:
D:7 (

Annotations:
D:5 3 runed translucent doors, Necrophagist's ghost, amateur DECj


Innate Abilities, Weirdness & Mutations

Your experience applies equally to all skills.
You have very sharp teeth.
Your uncanny sense of smell can sniff out nearby items.


Message History

You hit the yak.
The yak looks as sick as possible!
You bite the yak.
The yak is heavily wounded.
The dream sheep shake their wool and sparkle.
You feel drowsy...
You fall asleep.
The yak closely misses you.
The dream sheep bites the plant.
The big kobold unwields a +0 hand crossbow.
The big kobold hits the fungus.
The yak misses you.
The dream sheep completely misses the plant.
The big kobold hits the fungus.
The yak gores you!!
You wake up.
The dream sheep bites the plant.
The big kobold hits the fungus.
The dream sheep ruffle their wool and motes of dream dust sparkle, to no effect.
The dream sheep shake their wool and sparkle.
You feel drowsy...
You fall asleep.
You kill the yak!
Sif Muna accepts your kill. The porcupine barely misses you.
The porcupine bites you!!
Ouch! That really hurt!
You die...

+##P≈P.≈#......####....##P.....##
..#.....#.......K.........PP.P..P
..'...%≈...#..Y......Y......P.P.P
..'..P(Y#..†..÷Y...#K.PP.PP..P...
%.'...%≈##....#######.P.P...P...P
%.#%....###...# #.P..P####... #
####### #..#### ###..P..+ #P.P ∆
#.....###YY.PP.P#∆ #... ∆
#.....@rYK..P...####P.P
#......####.PP...P.PPP. #....###
##.....÷..P.. #.....#
##.P...PPP.). ...#...
#.....P.P.... ##..##...
#.###..P...## ##. ... . ####.###
#... #.....


You could see a yak, a big kobold, 2 dream sheep and a porcupine.

Vanquished Creatures
  A hornet (D:7)
  A hippogriff (D:7)
  Eustachio (D:6)
  A yak (D:8)
  3 porcupines (D:8)
  An orc warrior (D:7)
  A black bear (D:7)
  A phantom (D:7)
  An ice beast (D:5)
  A necrophage (D:7)
  4 ogres
  2 bullfrogs (D:7)
  A big kobold (D:8)
  3 scorpions
  3 crimson imps
  6 orc priests
  A gnoll shaman (D:3)
  2 hounds
  3 jellies
  Jessica (D:3)
  An iguana (D:8)
  8 orc wizards
  8 worker ants
  A hound skeleton (D:4)
  A worker ant zombie (D:5)
  A howler monkey skeleton (D:4)
  4 gnolls (D:4)
  6 adders
  A shadow imp (D:8)
  2 oozes
  An adder zombie (D:6)
  2 adder skeletons
  A worm (D:2)
  3 dart slugs
  A leopard gecko (D:6)
  29 orcs
  A ball python (D:1)
  4 giant cockroaches
  8 goblins
  7 hobgoblins
  4 jackals
  8 kobolds
  A quokka (D:6)
  2 bats
  8 frilled lizards
  A jackal skeleton (D:4)
  A jackal zombie (D:7)
  2 quokka zombies (D:5)
  8 rats (D:1)
163 creatures vanquished.

Vanquished Creatures (others)
  A plant (D:8)
1 creature vanquished.

Grand Total: 164 creatures vanquished

Notes
Turn   | Place    | Note
-------+----------+-------------------------------------------
     0 | D:1      | Kagalorn the Gnoll Wanderer began the quest for the Orb.
     0 | D:1      | Kagalorn set off with the following items: a +2 shortbow,
                  | 28 arrows, a wand of random effects (15), a +0 robe, a
                  | ration; and the following spell memorised: Magic Dart; and
                  | the following spells available to memorise: Dazzling Flash
     0 | D:1      | Reached XP level 1. HP: 17/17 MP: 4/4
   340 | D:1      | Reached XP level 2. HP: 23/23 MP: 5/5
   667 | D:1      | Reached XP level 3. HP: 28/28 MP: 7/7
  1063 | D:2      | Found a stormy altar of Qazlal.
  1109 | D:2      | Found a blossoming altar of Fedhas.
  1111 | D:2      | Found a shimmering blue altar of Sif Muna.
  1199 | D:2      | Found a glowing silver altar of Zin.
  1200 | D:2      | Found a shimmering altar of Xom.
  1223 | D:2      | Became a worshipper of Sif Muna the Loreminder
  1486 | D:2      | Reached skill level 1 in Invocations
  1996 | D:2      | Reached skill level 1 in Short Blades
  1996 | D:2      | Reached skill level 1 in Long Blades
  1996 | D:2      | Reached skill level 1 in Axes
  1996 | D:2      | Reached skill level 1 in Maces & Flails
  1996 | D:2      | Reached skill level 1 in Polearms
  1996 | D:2      | Reached skill level 1 in Staves
  1996 | D:2      | Reached skill level 1 in Slings
  1996 | D:2      | Reached skill level 1 in Crossbows
  1996 | D:2      | Reached skill level 1 in Dodging
  1996 | D:2      | Reached skill level 1 in Stealth
  1996 | D:2      | Reached skill level 1 in Shields
  1996 | D:2      | Reached skill level 1 in Unarmed Combat
  2233 | D:2      | Reached XP level 4. HP: 30/34 MP: 8/8
  2475 | D:3      | Reached skill level 1 in Conjurations
  2475 | D:3      | Reached skill level 1 in Hexes
  2475 | D:3      | Reached skill level 1 in Charms
  2475 | D:3      | Reached skill level 1 in Summonings
  2475 | D:3      | Reached skill level 1 in Translocations
  2475 | D:3      | Reached skill level 1 in Transmutations
  2475 | D:3      | Reached skill level 1 in Fire Magic
  2475 | D:3      | Reached skill level 1 in Ice Magic
  2475 | D:3      | Reached skill level 1 in Air Magic
  2475 | D:3      | Reached skill level 1 in Earth Magic
  2475 | D:3      | Reached skill level 1 in Poison Magic
  2612 | D:3      | Noticed Jessica
  2618 | D:3      | Killed Jessica
  2618 | D:3      | Reached XP level 5. HP: 36/40 MP: 9/9
  2698 | D:3      | Reached * piety under Sif Muna
  3144 | D:4      | Found a snail-covered altar of Cheibriados.
  3164 | D:4      | Reached XP level 6. HP: 43/47 MP: 10/10
  3202 | D:4      | Found a hazy altar of Hepliaklqana.
  3202 | D:4      | Found an ornate altar of the Wu Jian Council.
  3202 | D:4      | Found a shadowy altar of Dithmenos.
  3317 | D:3      | Reached skill level 5 in Bows
  3317 | D:3      | Reached skill level 5 in Armour
  3599 | D:4      | HP: 2/47 [ogre/+0 giant spiked club (25)]
  3792 | D:4      | Reached XP level 7. HP: 35/52 MP: 12/12
  3844 | D:4      | Found a sacrificial altar of Ru.
  4089 | D:4      | Found a sparkling altar of Nemelex Xobeh.
  4290 | D:5      | Entered Level 5 of the Dungeon
  4409 | D:5      | Found a staircase to the Ecumenical Temple.
  4568 | D:5      | Found a runed translucent gate.
  4569 | D:5      | Found a runed translucent gate.
  4569 | D:5      | Noticed Necrophagist's ghost (amateur DECj)
  4570 | D:5      | Found a runed translucent gate.
  4571 | D:5      | Identified the +4 whip of Rubbish {chaos, SInv}
  4671 | D:5      | Reached XP level 8. HP: 57/60 MP: 14/14
  5224 | D:6      | Reached ** piety under Sif Muna
  5421 | D:6      | Noticed Eustachio
  5443 | D:6      | Killed Eustachio
  5623 | D:6      | Found a hide-covered altar of Uskayaw.
  5630 | D:6      | Found a radiant altar of Vehumet.
  6297 | D:7      | Found Noenumaes's Antique Weapon Shop.
  6551 | D:7      | Reached XP level 9. HP: 38/66 MP: 14/16
  6563 | D:7      | Reached skill level 5 in Necromancy
  6895 | D:7      | Noticed a hornet
  6906 | D:7      | Killed a hornet
  6906 | D:7      | Reached skill level 5 in Spellcasting
  7049 | D:7      | Reached skill level 5 in Fighting
  7049 | D:7      | Reached skill level 5 in Throwing
  7049 | D:7      | Reached skill level 5 in Evocations
  7431 | D:8      | Found a shimmering altar of Xom.
  7431 | D:8      | Found a shimmering altar of Xom.
  7437 | D:8      | Found a shimmering altar of Xom.
  7583 | D:8      | Found a shimmering altar of Xom.
  7954 | D:8      | Reached skill level 5 in Invocations
  8025 | D:8      | Reached *** piety under Sif Muna
  8104 | D:8      | Mangled by a porcupine

Illustrated notes

Levels and vault maps discovered:
D:1:      lemuel_arrival_hallway, layout_loops_ring
D:2:      wad_lake_hut, layout_basic, grunt_temple_overflow_open,
          minmay_quadrilaterals
D:3:      layout_basic, uniq_jessica
D:4:      layout_basic, gammafunk_temple_overflow_forgotten,
          nicolae_ru_sacrificial_ziggurat, nemelex_xobeh_ov_fountains_minmay,
          first_ration, cheibriados_altar_1
D:5:      layout_basic, minmay_temple_entry_proselytizer,
          gammafunk_ghost_nasty_kobolds
D:6:      layout_basic, amethyst_overflow_temple_binary, uniq_eustachio
D:7:      layout_loops_ring, serial_shops, nicolae_shop_behind_doors,
          kennysheep_path_1
D:8:      layout_layer_cave, grunt_lair_entry_orc_guard_hut, serial_shops,
          kennysheep_mini_moat, kennysheep_mini, hangedman_ranch
          [blue_anna_fruit_fields], xom_redecorated

Skill      XL: |  1  2  3  4  5  6  7  8  9 |
---------------+----------------------------+-----
Invocations    | 1 2 3 4 5 |  5.1
Short Blades   | 1 2 3 4 |  4.7
Long Blades    | 1 2 3 4 |  4.7
Axes           | 1 2 3 4 |  4.7
Maces & Flails | 1 2 3 4 |  4.7
Polearms       | 1 2 3 4 |  4.7
Staves         | 1 2 3 4 |  4.7
Slings         | 1 2 3 4 |  4.7
Crossbows      | 1 2 3 4 |  4.7
Dodging        | 1 2 3 4 |  4.7
Stealth        | 1 2 3 4 |  4.7
Shields        | 1 2 3 4 |  4.7
Unarmed Combat | 1 2 3 4 |  4.7
Spellcasting   | 3 4 5 |  5.5
Conjurations   | 1 2 3 |  3.9
Hexes          | 1 2 3 |  3.9
Charms         | 1 2 3 |  3.9
Summonings     | 1 2 3 |  3.9
Translocations | 1 2 3 |  3.9
Transmutations | 1 2 3 |  3.9
Fire Magic     | 1 2 3 |  3.9
Ice Magic      | 1 2 3 |  3.9
Air Magic      | 1 2 3 |  3.9
Earth Magic    | 1 2 3 |  3.9
Poison Magic   | 1 2 3 |  3.9
Fighting       | 3 4 5 |  5.4
Throwing       | 3 4 5 |  5.4
Evocations     | 3 4 5 |  5.4
Necromancy     | 4 5 |  5.5
Bows           | 5 6 |  6.6
Armour         | 5 6 |  6.6

Action                   |  1- 3 |  4- 6 |  7- 9 || total
-------------------------+-------+-------+-------++-------
Melee: Dagger            |   153 |   176 |   473 ||   802
       Unarmed           |    14 |       |       ||    14
       Bite              |    17 |    24 |    64 ||   105
Throw: Dart              |       |       |     5 ||     5
 Cast: Magic Dart        |       |       |     1 ||     1
 Stab: Sleeping          |       |       |     5 ||     5
  Eat: Chunk             |     2 |     3 |    12 ||    17
       Ration            |     1 |       |     1 ||     2
Armor: Ring mail         |    61 |    42 |   110 ||   213
Dodge: Dodged            |    79 |    91 |   208 ||   378
Block: Buckler           |     6 |    22 |    80 ||   108

Table legend:
 A = Non-vault XP
 B = Vault XP
 C = Vault XP percentage of total XP
 D = Non-vault monster count
 E = Vault monster count
 F = Vault count percentage of total count
                 A         B        C        D         E       F
            +---------+---------+-------+---------+---------+-------
      Total |    3631 |    1015 |  21.8 |     147 |      16 |   9.8
            +---------+---------+-------+---------+---------+-------
        D:1 |      44 |       0 |   0.0 |      25 |       0 |   0.0
        D:2 |      39 |      21 |  35.0 |       9 |       8 |  47.1
        D:3 |     195 |      37 |  15.9 |      21 |       1 |   4.5
        D:4 |     546 |       0 |   0.0 |      24 |       0 |   0.0
        D:5 |     284 |      41 |  12.6 |      10 |       1 |   9.1
        D:6 |     514 |     203 |  28.3 |      15 |       1 |   6.2
        D:7 |    1816 |       0 |   0.0 |      34 |       0 |   0.0
        D:8 |     193 |     713 |  78.7 |       9 |       5 |  35.7
            +---------+---------+-------+---------+---------+-------
